 Dungeon Crawl Stone Soup version 0.29.1-14-g9c671dbff4 (webtiles) character file.

Game seed: 9036243972889136250

35571 nightchill the Fighter (level 14, -1/121 HPs)
             Began as a Djinni Conjurer on Feb 12, 2023.
             Was a Priest of Ashenzari.
             Hit by a large rock thrown by a cyclops (19 damage)
             ... on level 11 of the Dungeon.
             The game lasted 01:20:49 (27019 turns).

nightchill the Fighter (Djinni Conjurer)           Turns: 27019, Time: 01:20:49

Health: -1/121     AC: 12    Str:  6    XL:     14   Next: 19%
Gold:   1535       EV: 16    Int: 25    God:    Ashenzari [***...] SH:  0 Dex: 12

rFire   + + +      SeeInvis +   D - staff of air (curse) {Self, Fort}
rCold   x . .      Faith    .   (no shield)
rNeg    . . .      Spirit   .   w - +2 robe "Share My Scepticism" {rF+, Fort, Self} (curse)
rPois   ∞          Reflect  .   M - +1 helmet "Mistrust of Ashenzari" {Self, Melee} (curse)
rElec   +          Harm     .   Q - +0 cloak
rCorr   .          Rampage  .   m - +0 pair of gloves of Ashenzari's Paranoia {Cun, Self} (curse)
Will    +....      Clarity  +   (boots unavailable)
Stlth   ++........              (no amulet)
HPRegen 0.30/turn               y - ring of see invisible
MPRegen 0.00/turn               H - +4 ring of protection

@: flying
A: sickness immunity, fire resistance 2, cold vulnerability 1, float, innate
caster, HP casting, extra vitality 1
a: Renounce Religion, Curse Item, Shatter the Chains


You were on level 11 of the Dungeon.
You worshipped Ashenzari.
Ashenzari was most pleased with you.
You visited 4 branches of the dungeon, and saw 18 of its levels.
You also visited: Ossuary.

You collected 1535 gold pieces.

Inventory:

Hand Weapons
 a - a +0 sling
 c - a +0 dagger
Missiles
 l - 23 poisoned darts
Armour
 d - a +0 troll leather armour
 m - the cursed +0 pair of gloves of Ashenzari's Paranoia (worn) {Cun, Self}
   (You found it on level 2 of the Dungeon)

   It has a curse which improves the following skills: Cunning: Dodging and
   Stealth.
   Introspection: Fighting and Spellcasting.
 w - the cursed +2 robe "Share My Scepticism" (worn) {rF+, Fort, Self}
   (You took it off Sigmund on level 5 of the Dungeon)

   It has a curse which improves the following skills: Fortitude: Armour and
   Shields.
   Introspection: Fighting and Spellcasting.
 M - the cursed +1 helmet "Mistrust of Ashenzari" (worn) {Self, Melee}
   (You found it on level 2 of the Lair of Beasts)

   It has a curse which improves the following skills: Introspection: Fighting
   and Spellcasting.
   Melee Combat: Short Blades, Long Blades, Axes, Maces & Flails, Polearms,
   Staves and Unarmed Combat.
 O - the +0 ring mail "Xoirus" {rElec rPois rF+ Str+2}
   (You found it on level 8 of the Dungeon)

   Str:       It affects your strength (+2).
   rF:        It protects you from fire.
   rElec:     It insulates you from electricity.
   rPois:     It protects you from poison.
 Q - a +0 cloak (worn)
 T - a +2 tower shield
Magical Staves
 D - a cursed staff of air (weapon) {Self, Fort}
 U - a staff of death
Jewellery
 k - a ring of fire
 y - a ring of see invisible (left hand)
 H - a +4 ring of protection (right hand)
 J - a +4 ring of protection
 R - a ring of resist corrosion
 W - a +4 ring of protection
Wands
 b - a wand of polymorph (26)
 p - a wand of flame (38)
 E - a wand of light (13)
 I - a wand of iceblast (13)
 S - a wand of paralysis (11)
Scrolls
 e - 3 scrolls of immolation
 f - 3 scrolls of magic mapping
 g - 2 scrolls of enchant armour
 h - 7 scrolls of poison
 n - 2 scrolls of summoning
 o - 12 scrolls of teleportation
 q - 2 scrolls of blinking
 r - 2 scrolls of vulnerability
 A - 2 scrolls of fear
 C - 2 scrolls of noise
 F - 5 scrolls of brand weapon
 N - 2 scrolls of silence
 V - a scroll of enchant weapon
 X - a scroll of fog
Potions
 i - a potion of resistance
 j - 2 potions of haste
 s - a potion of brilliance
 t - a potion of berserk rage
 u - 3 potions of mutation
 v - 3 potions of flight
 x - 5 potions of might
 z - 6 potions of lignification
 G - 7 potions of curing
 K - a potion of invisibility
 L - 2 potions of heal wounds
 P - 2 potions of cancellation


   Skills:
 * Level 14.9(18.7) Fighting
 + Level 8.6(10.2) Dodging
 - Level 1.5(2.7) Stealth
 + Level 6.6(9.1) Shields
 * Level 12.2(16.1) Spellcasting


You had 12 spell levels left.
You knew the following spells:

 Your Spells              Type           Power      Damage    Failure   Level
a - Magic Dart            Conj           100%       1d8       0%          1
b - Searing Ray           Conj           100%       2d8       0%          2
c - Dazzling Flash        Conj/Hex       100%       N/A       0%          3
d - Fulminant Prism       Conj/Hex       39%        3d18      1%          4
e - Iskenderun's Mystic   Conj/Tloc      79%        2d16      1%          4
f - Shock                 Conj/Air       100%       1d9       0%          1
g - Call Imp              Summ           79%        N/A       0%          2
h - Blink                 Tloc           100%       N/A       0%          2
i - Petrify               Tmut/Erth      79%        N/A       1%          4
j - Irradiate             Conj/Tmut      39%        3d24      1%          5
k - Agony                 Necr           79%        N/A       1%          5
Your spell library was empty.

Dungeon Overview and Level Annotations

Branches:
Dungeon (11/15)            Temple (1/1) D:7            Lair (4/5) D:9
  Swamp (0/4) Lair:3       Spider (0/4) Lair:3          Orc (2/2) D:9
    Elf (0/3) Orc:2       Ossuary (visited)
  Slime: Lair:4-5

Altars:
Ashenzari
Cheibriados
Dithmenos
Elyvilon
Fedhas
Gozag
Hepliaklqana
Makhleb
Nemelex Xobeh
Okawaru
Qazlal
Ru
Trog
Uskayaw
Wu Jian
Xom
Yredelemnul
Zin
The Shining One
Jiyva

Shops:
Orc:2 !([!

Annotations:
D:8 1 runed translucent door, IHuginn's ghost, novice OpBe
Lair:1 exclusion: downstairs
Lair:3 exclusion: downstairs
Lair:4 exclusion: 4 oklob plants
Orc:1 3 runed translucent doors, Viruarch's ghost, journeyman MiHu


Innate Abilities, Weirdness & Mutations

You are immune to sickness and miasma.
You are immune to poison.
Your flesh is very heat resistant. (rF++)
You are vulnerable to cold. (rC-)
You float through the air rather than walking.
You learn spells naturally, not from books.
Your magical power is your life essence.
You have superior vitality. (+4 MHP)


Message History

A cyclops comes into view.
A cyclops is nearby!
The cyclops shouts!
A cyclops comes into view.
The cyclops throws a large rock.
The large rock misses you.
Casting: Iskenderun's Mystic Blast (safe; 1% risk of failure)
Confirm with . or Enter, or press ? or * to list all spells.
Aiming: Fulminant Prism (safe; 1% risk of failure)
Press: ? - help, Dir - move target You conjure a prism of explosive energy!
A fulminant prism comes into view.
The cyclops throws a large rock.
The large rock hits you!!
You hear a loud crackle.
Things that are here:
a vampire mosquito corpse; a vampire mosquito corpse
Casting: Fulminant Prism (safe; 1% risk of failure)
Confirm with . or Enter, or press ? or * to list all spells.
Aiming: Fulminant Prism (safe; 1% risk of failure)
Press: ? - help, Dir - move target You conjure a prism of explosive energy!
A fulminant prism comes into view.
The cyclops throws a large rock.
The large rock hits you!!!
* * * LOW HITPOINT WARNING * * *
You hear an explosion!
The blast of energy engulfs the cyclops!!!
The cyclops is severely wounded.
The blast of energy engulfs the cyclops!!
The cyclops is heavily wounded.
Casting: Fulminant Prism (safe; 1% risk of failure)
Confirm with . or Enter, or press ? or * to list all spells.
Aiming: Fulminant Prism (safe; 1% risk of failure)
Press: ? - help, Dir - move target You conjure a prism of explosive energy!
* * * LOW HITPOINT WARNING * * *
A fulminant prism comes into view.
The cyclops throws a large rock.
The large rock hits your fulminant prism!!
Your fulminant prism detonates feebly.
The cyclops throws a large rock.
The large rock hits you!!
You die...

##....# ###### , ,
, .....# , , ,
,+..... , , ....#,
#...#..... ,
,,...#, ,,
#...+..... * ,,,
..# ,, #...#..... ,
**** #†# ,
#...#..... **
#)####++#...#.....
#†...*......######
, , ,
#@................
*, ,
,####...C..........
, ,,,,
,#.*C........... *
+* *
#...).......... ,
,..................
, ,
.......)..........
, ,
...................
*
.......###.........
, .......
#.........


You could see 2 cyclopes and a friendly fulminant prism.

Vanquished Creatures
  An orc warlord (Orc:2)
  A boulder beetle (Lair:4)
  A hydra (Lair:2)
  2 two-headed ogres
  An orc high priest (Orc:2)
  Amaemon (D:9)
  2 orc knights
  3 orc sorcerers (Orc:2)
  2 cyclopes (Orc:1)
  3 elephants (Lair:3)
  Maurice (D:8)
  A black mamba (Lair:3)
  An orange demon (D:9)
  6 cane toads
  A rime drake (Lair:2)
  A kobold demonologist (D:8)
  An unseen horror (D:6)
  4 komodo dragons
  2 trolls
  15 blink frogs
  31 yaks
  4 wyverns
  Sigmund (D:5)
  4 basilisks
  A steam dragon (Lair:2)
  Grum (D:9)
  4 vampire mosquitoes (D:11)
  3 wargs
  An acid dragon (D:9)
  9 water moccasins
  A black bear (D:5)
  37 orc warriors
  2 ice beasts
  5 ogres
  21 wolves
  4 centaurs
  2 phantoms
  3 kobold brigands
  12 bullfrogs
  A necrophage (D:4)
  15 scorpions
  4 killer bees (D:9)
  A troll skeleton (D:9)
  6 spriggan skeletons (D:9)
  5 howler monkeys
  2 centaur zombies (Ossuary)
  A jelly (D:4)
  7 hounds
  A human zombie (D:8)
  31 orc priests
  6 iguanas
  7 scorpion zombies (Ossuary)
  37 orc wizards
  3 mummies (Ossuary)
  4 gnolls
  11 adders
  4 dart slugs
  126 orcs
  A ball python (D:2)
  11 endoplasms
  9 giant cockroaches
  6 goblins
  2 hobgoblins
  4 jackals (D:5)
  7 quokkas
  5 bats
  A frilled lizard (D:2)
  3 hobgoblin zombies (Ossuary)
  19 kobolds
  2 kobold zombies (Ossuary)
  2 orc zombies (Ossuary)
  3 rats (D:1)
  A rat zombie (D:8)
  2 fulminant prisms (Orc:2)
546 creatures vanquished.

Vanquished Creatures (collateral kills)
  A hobgoblin (D:3)
1 creature vanquished.

Vanquished Creatures (others)
  338 fulminant prisms
  31 fungi
  34 plants
403 creatures vanquished.

Grand Total: 950 creatures vanquished

Notes
Turn   | Place    | Note
-------+----------+-------------------------------------------
     0 | D:1      | nightchill the Djinni Conjurer began the quest for the Orb.
     0 | D:1      | nightchill set off with the following spells memorised:
                  | Magic Dart, Searing Ray, Dazzling Flash, Fulminant Prism,
                  | Iskenderun's Mystic Blast.
     0 | D:1      | Reached XP level 1. HP: 15/15 MP: 0/0
   109 | D:1      | Reached XP level 2. HP: 10/22 MP: 0/0
   331 | D:1      | Reached skill level 1 in Fighting
  1034 | D:1      | Reached XP level 3. HP: 26/27 MP: 0/0
  1034 | D:1      | Learned a level 1 spell: Shock
  1038 | D:1      | Found a faded altar of an unknown god.
  1319 | D:2      | You are sucked into a shaft and drop 1 floor!
  1396 | D:3      | Reached skill level 2 in Fighting
  1556 | D:2      | Reached XP level 4. HP: 29/33 MP: 0/0
  2356 | D:3      | Found a shadowy altar of Dithmenos.
  2396 | D:3      | Reached XP level 5. HP: 13/40 MP: 0/0
  2396 | D:3      | Learned a level 2 spell: Call Imp
  2761 | D:3      | Reached skill level 3 in Fighting
  2839 | D:3      | Found a white marble altar of Elyvilon.
  2840 | D:3      | Found a burning altar of Makhleb.
  3016 | D:3      | Reached XP level 6. HP: 37/46 MP: 0/0
  3484 | D:4      | Reached skill level 4 in Fighting
  3518 | D:4      | Noticed an ogre
  3523 | D:4      | Killed an ogre
  3677 | D:4      | Reached XP level 7. HP: 49/53 MP: 0/0
  3677 | D:4      | Learned a level 2 spell: Blink
  3769 | D:4      | Reached skill level 5 in Spellcasting
  3943 | D:4      | Identified the +8 halberd of Imbalance {vorpal, Fly rC+
                  | Int-5}
  4132 | D:4      | Reached skill level 5 in Fighting
  5020 | D:5      | Entered Level 5 of the Dungeon
  5026 | D:5      | Reached XP level 8. HP: 39/61 MP: 0/0
  5242 | D:5      | Noticed Sigmund
  5246 | D:5      | Killed Sigmund
  5247 | D:5      | Reached skill level 6 in Fighting
  5956 | D:5      | Reached skill level 7 in Fighting
  6126 | D:5      | Reached XP level 9. HP: 60/68 MP: 0/0
  6126 | D:5      | Learned a level 4 spell: Petrify
  6802 | D:6      | Killed an unseen horror
  6803 | D:6      | Reached skill level 8 in Fighting
  7972 | D:7      | Reached skill level 9 in Fighting
  7972 | D:7      | Reached XP level 10. HP: 65/78 MP: 0/0
  8397 | D:7      | Found a staircase to the Ecumenical Temple.
  8398 | D:7      | Found an opulent altar of Gozag.
  8472 | Temple   | Entered the Ecumenical Temple
  8708 | Temple   | Became a worshipper of Ashenzari the Shackled
  9458 | D:8      | Reached skill level 10 in Fighting
  9519 | D:8      | Found a sand-covered staircase.
  9537 | Ossuary  | Entered an ossuary
 10111 | Ossuary  | Identified the amulet of Xom's Bemusement {*Corrode +Blink
                  | rC++ Will- Regen+ Slay+2}
 10823 | D:8      | Noticed a kobold demonologist
 10833 | D:8      | Killed a kobold demonologist
 11021 | D:8      | Identified the +0 ring mail "Xoirus" {rElec rPois rF+
                  | Str+2}
 11092 | D:8      | Found a runed translucent door.
 11142 | D:8      | Identified the +3 trident "Newt's Doom" {vorpal, +Blink
                  | Int+4}
 11158 | D:8      | Noticed IHuginn's ghost (novice OpBe)
 11159 | D:8      | Noticed Maurice
 11178 | D:8      | Killed Maurice
 11179 | D:8      | Reached skill level 11 in Fighting
 11179 | D:8      | Reached XP level 11. HP: 65/87 MP: 0/0
 11179 | D:8      | Learned a level 5 spell: Irradiate
 11520 | D:8      | Found a snail-covered altar of Cheibriados.
 11566 | D:8      | Found a blossoming altar of Fedhas.
 11884 | D:9      | Noticed Amaemon
 11895 | D:9      | Killed Amaemon
 12558 | D:9      | Noticed Grum
 12573 | D:9      | Killed Grum
 12722 | D:9      | Found a staircase to the Lair.
 13450 | D:9      | Found a staircase to the Orcish Mines.
 13593 | D:9      | Noticed a two-headed ogre
 13614 | D:9      | Killed a two-headed ogre
 13615 | D:9      | Reached skill level 1 in Shields
 13828 | D:9      | Found a glowing silver altar of Zin.
 14508 | D:10     | Entered Level 10 of the Dungeon
 14546 | Lair:1   | Entered Level 1 of the Lair of Beasts
 14609 | Lair:1   | Reached skill level 12 in Fighting
 14711 | Lair:1   | Reached skill level 10 in Spellcasting
 14723 | Lair:1   | Reached skill level 5 in Dodging
 14879 | Lair:1   | You are sucked into a shaft and drop 1 floor!
 14885 | Lair:2   | Noticed a six-headed hydra
 15024 | Lair:1   | Reached XP level 12. HP: 81/96 MP: 0/0
 15237 | Lair:1   | Reached * piety under Ashenzari
 16000 | Lair:2   | Killed a six-headed hydra
 16526 | Lair:3   | Reached skill level 13 in Fighting
 17130 | Lair:3   | Found a hole to the Spider Nest.
 17130 | Lair:3   | Noticed an orb spider
 17577 | Lair:3   | Reached XP level 13. HP: 92/106 MP: 0/0
 17577 | Lair:3   | Learned a level 5 spell: Agony
 17684 | Lair:3   | Found a staircase to the Swamp.
 18756 | Lair:4   | Reached skill level 5 in Shields
 19095 | Lair:4   | Noticed a boulder beetle
 19118 | Lair:4   | Reached ** piety under Ashenzari
 19169 | Lair:4   | Killed a boulder beetle
 19170 | Lair:4   | Reached skill level 14 in Fighting
 19471 | Lair:4   | Found a viscous altar of Jiyva.
 19542 | Lair:4   | Found a hide-covered altar of Uskayaw.
 19544 | Lair:4   | Found an ornate altar of the Wu Jian Council.
 20146 | Orc:1    | Entered Level 1 of the Orcish Mines
 20146 | Orc:1    | Found a runed translucent gate.
 20146 | Orc:1    | Found a runed translucent gate.
 20146 | Orc:1    | Found a runed translucent gate.
 20151 | Orc:1    | Noticed Viruarch's ghost (journeyman MiHu)
 21079 | Orc:2    | Entered Level 2 of the Orcish Mines
 22109 | Orc:2    | Paralysed by an orc sorcerer for 2 turns
 22894 | Orc:2    | Noticed an orc warlord
 22904 | Orc:2    | Killed an orc warlord
 23247 | Orc:2    | Found Ichi's Antique Armour Emporium.
 23251 | Orc:2    | Found Mizuq's Antique Weapon Shoppe.
 23636 | Orc:2    | Found Veggiohi's Distillery.
 24320 | Orc:2    | Reached XP level 14. HP: 58/119 MP: 0/0
 24551 | Orc:2    | Found a staircase to the Elven Halls.
 24641 | Orc:2    | Reached *** piety under Ashenzari
 25467 | Orc:2    | Found Luzonymej's Distillery.
 26835 | D:10     | Found a hide-covered altar of Uskayaw.
 27019 | D:11     | Hit by a large rock thrown by a cyclops

Illustrated notes

Levels and vault maps discovered:
D:1:      shiori_arrival_oz, layout_loops_ring, serial_rivers,
          chequers_serial_rivers_micro_a, chequers_serial_rivers_micro_b,
          chequers_serial_rivers_large_a, chequers_serial_rivers_small_b,
          chequers_serial_rivers_micro_b, chequers_serial_rivers_micro_d,
          shapermc_ecumenical_altar_notcrosses, nicolae_titane
D:2:      layout_basic
D:3:      layout_rooms, mainiacjoe_overflow_cross_hatched,
          mainiacjoe_overflow_divided_tiny, cheibrodos_gnoll_hut
D:4:      layout_loops_corners, mainiacjoe_overflow_tiny_flanked
D:5:      layout_rooms, hangedman_abyss_or_decor_stabs, uniq_sigmund
D:6:      layout_basic, gup_sewer_entry_pipe
D:7:      layout_loops_corners, nicolae_gozag_seed_capital,
          minmay_temple_entry_statues_fountains
D:8:      layout_gridville, mainiacjoe_overflow_big_doors,
          ebering_ghost_funeral_grove, enter_ossuary_3, minmay_manual_mail,
          uniq_maurice
D:9:      layout_layer_cave, overflow_temple_1_default, lair_entry_dummy,
          david_orc_3, hangedman_tell_no_tales, uniq_grum, uniq_amaemon
D:10:     layout_loops_ring, marbit_many_paths
D:11:     layout_irregular_city, minmay_misc_feat_pillars, minmay_st_funbox,
          uniq_sonja
Temple:   oiseaux_autumnal_temple
Lair:1:   layout_big_grid
Lair:2:   layout_loops_ring, grunt_megastairs_2
Lair:3:   layout_regular_city, swamp_mist, nicolae_spider_entry_orb_guardian
Lair:4:   layout_roguey, minmay_slime_entry_oklob_open, st_stairs_8,
          nzn_masters_of_martial_movement
Orc:1:    layout_caves, basic_altar, gammafunk_ghost_necromancy,
          minmay_orc_temple_b
Orc:2:    grunt_orc_community_town_hall, layout_caves,
          grunt_orc_community_big_house_2, grunt_orc_community_big_house_2,
          grunt_orc_community_house_1, grunt_orc_community_house_3,
          grunt_orc_community_house_1, grunt_orc_community_house_2,
          grunt_orc_community_house_1, grunt_orc_community_house_1

Skill      XL: |  1  2  3  4  5  6  7  8  9 10 11 12 13 |
---------------+----------------------------------------+-----
Fighting       | 1 2 3 4 5 7 9 11 12 13 14 | 14.9
Spellcasting   | 4 5 6 7 9 10 11 12 | 12.2
Dodging        | 3 5 6 8 |  8.6
Shields        | 2 4 6 |  6.6
Stealth        | |  1.5

Action                   |  1- 3 |  4- 6 |  7- 9 | 10-12 | 13-15 || total
-------------------------+-------+-------+-------+-------+-------++-------
Melee: Sling             |       |     1 |     1 |       |       ||     2
       Staff             |       |       |       |     4 |     2 ||     6
 Fire: Sling             |    16 |     2 |    12 |     1 |       ||    31
 Cast: Magic Dart        |    49 |    63 |    23 |    19 |     5 ||   159
       Searing Ray       |     4 |     5 |     8 |     1 |       ||    18
       Shock             |       |    11 |     4 |     7 |       ||    22
       Dazzling Flash    |       |     1 |       |       |       ||     1
       Fulminant Prism   |       |     3 |    52 |   123 |   163 ||   341
       Call Imp          |       |     1 |       |       |       ||     1
       Iskenderun's Myst |       |     1 |    21 |   126 |   116 ||   264
       Petrify           |       |       |     1 |    11 |       ||    12
       Irradiate         |       |       |       |    22 |    15 ||    37
       Agony             |       |       |       |       |     1 ||     1
Invok: Curse Item        |       |       |       |     2 |     2 ||     4
  Use: Potion            |       |     3 |       |       |       ||     3
       Scroll            |       |       |       |     3 |       ||     3
Armor: Robe              |     2 |     6 |    12 |    40 |    21 ||    81
Dodge: Dodged            |     8 |     9 |    23 |    47 |    62 ||   149
